 Dungeon Sprint DCSS version 0.27-a0-819-g058290f16d (webtiles) character file.

Game seed: 4506161370075940784

7243 mhtbhm the Imperceptible (level 10, -5/79 HPs)
             Began as a Spriggan Brigand on Mar 30, 2021.
             Was a High Priest of Dithmenos.
             Slain by a spriggan defender
             ... wielding a +5 lajatang of venom
              (15 damage)
             ... in the Dungeon (Sprint IV: "Fedhas' Mad Dash").
             The game lasted 00:04:33 (2040 turns).

mhtbhm the Imperceptible (Spriggan Brigand)         Turns: 2040, Time: 00:04:34

Health: -5/79      AC:  5    Str:  7    XL:     10   Next: 88%
Magic:  0/21       EV: 20    Int: 13    God:    Dithmenos [*****.]
Gold:   254        SH:  0    Dex: 20    Spells: 9/9 levels left

rFire    . . .     SeeInvis +   a - +1 short sword (speed)
rCold    + . .     Faith    .   (shield restricted)
rNeg     + . .     Spirit   +   b - +0 robe {rC+}
rPois    .         Reflect  .   n - +2 hat of the Bear Spirit {Spirit, +Rage rN+ Will++}
rElec    .         Harm     .   c - +0 cloak
rCorr    .         Rampage  .   (gloves unavailable)
Will     +++..     NoTele   +   (boots unavailable)
Stlth    ..........             l - amulet of invisibility {+Inv}
HPRegen  0.23/turn              j - ring of magical power
MPRegen  0.17/turn              (no ring)

@: berserking, lethally poisoned (-5 -> -39), hasted, wreathed by umbra, very
quick
A: very small, no large weapons, unfitting armour, see invisible, speed 3
a: Renounce Religion, Evoke Berserk Rage, Evoke Invisibility, Shadow Step,
Shadow Form


You were in the Dungeon.
You worshipped Dithmenos.
Dithmenos was extremely pleased with you.
You visited 1 branch You collected 254 gold pieces.

Inventory:

Hand Weapons
 a - a +1 short sword of speed (weapon)
Missiles
 d - 8 poisoned darts (quivered)
 e - 2 curare-tipped darts
Armour
 b - a +0 robe of cold resistance (worn)
 c - a +0 cloak (worn)
 n - the +2 hat of the Bear Spirit (worn) {Spirit, +Rage rN+ Will++}
   (You found it in the Dungeon)

   It protects you from negative energy.
   It lets you go berserk.
   It greatly increases your willpower.
Jewellery
 j - a ring of magical power (left hand)
 l - the amulet of invisibility (around neck) {+Inv}
   (You found it in the Dungeon)

   [amulet of nothing]

   It lets you turn invisible.
Scrolls
 k - a scroll of blinking
 m - 2 scrolls of amnesia {unknown}
 o - a scroll of fear {unknown}
 q - a scroll of identify {unknown}
Potions
 f - a potion of curing
 g - a potion of heal wounds
 i - 2 potions of magic
Miscellaneous
 p - a tin of tremorstones (2/2)


   Skills:
 + Level 6.0 Fighting
 + Level 10.4 Short Blades
 + Level 6.1 Throwing
 + Level 4.7 Dodging
 + Level 26.9 Stealth
 + Level 2.1 Invocations
 + Level 13.2 Evocations


You had 9 spell levels left.
You didn't know any spells.
Your spell library contained the following spells:

 Spells                   Type           Power      Damage    Failure   Level
 Confusing Touch          Hex            0%         N/A       67%         3
 Gell's Gravitas          Tloc           0%         N/A       67%         3
 Petrify                  Tmut/Erth      0%         N/A       97%         4
 Metabolic Englaciation   Hex/Ice        0%         N/A       100%        5
 Yara's Violent Unravell  Hex/Tmut       0%         3d3       100%        5


Dungeon Overview and Level Annotations

Branches:
Dungeon (1/1)

Altars:
Cheibriados
Dithmenos
Elyvilon
Gozag
Hepliaklqana
Kikubaaqudgha
Makhleb
Nemelex Xobeh
Okawaru
Qazlal
Ru
Sif Muna
Trog
Uskayaw
Vehumet
Wu Jian
Xom
Yredelemnul
Zin
The Shining One
Beogh
Jiyva
Lugonu

Shops:
D ![*[*:(:


Innate Abilities, Weirdness & Mutations

You are very small and have problems with some larger weapons.
You are too small for most types of armour.
You have supernaturally acute eyesight. (SInv)
You cover ground extremely quickly. (Speed+++)


Message History

Your shadow completely misses the spriggan defender.
You feel sick.
You hit the spriggan defender.
The spriggan defender is lightly wounded.
You feel very sick.
You puncture the spriggan defender!
The spriggan defender is moderately wounded.
Your shadow hits the spriggan defender but does no damage.
You feel sick.
The spriggan defender hits you with a +5 lajatang of venom!
You miss the spriggan defender.
The spriggan defender is moderately wounded.
You feel sick.
You closely miss the spriggan defender.
The spriggan defender is moderately wounded.
You feel sick.
The spriggan defender hits you with a +5 lajatang of venom!!
* * * LOW HITPOINT WARNING * * *
You are more poisoned.
You puncture the spriggan defender!
The spriggan defender is moderately wounded.
* * * LOW HITPOINT WARNING * * *
You feel very sick.
You puncture the spriggan defender!
The spriggan defender is heavily wounded.
Your shadow misses the spriggan defender.
* * * LOW HITPOINT WARNING * * *
You feel very sick. The spriggan defender misses you.
You closely miss the spriggan defender.
The spriggan defender is heavily wounded.
* * * LOW HITPOINT WARNING * * *
You feel sick.
You miss the spriggan defender.
The spriggan defender is heavily wounded.
Your shadow hits the spriggan defender but does no damage.
* * * LOW HITPOINT WARNING * * *
You feel sick.
The spriggan defender hits you with a +5 lajatang of venom!!
You die...

##############....()###.).).♣.#
♣..♣)###.'.['......)'.')..♣..∩#
.♣..♣##..#..#.P.....###########
♣.♣).###.##'##......#
♣...♣'...#♣.♣########
##########.....####
#..♣..♣....### ♣......♣...♣###
......♣.[...@i∩...)# #####
##############


You could see a spriggan defender.

Vanquished Creatures
  Agnes (D)
  A spriggan druid (D)
  6 oklob plants (D)
  A demonic crawler (D)
  3 wandering mushrooms (D)
  A queen bee (D)
  3 burning bushes (D)
  A hornet (D)
  3 scorpions (D)
  4 killer bees (D)
  5 oklob saplings (D)
  5 spriggans (D)
  A river rat (D)
  A rat (D)
36 creatures vanquished.

Vanquished Creatures (others)
  A ballistomycete spore (D)
  A fungus (D)
2 creatures vanquished.

Grand Total: 38 creatures vanquished

Notes
Turn   | Place    | Note
-------+----------+-------------------------------------------
     0 | D        | mhtbhm the Spriggan Brigand began the quest for the Orb.
     0 | D        | Reached XP level 1. HP: 10/10 MP: 2/2
    11 | D        | Reached skill level 8 in Stealth
    11 | D        | Reached XP level 2. HP: 4/15 MP: 3/3
   218 | D        | Noticed an oklob sapling
   219 | D        | Killed an oklob sapling
   220 | D        | Reached skill level 10 in Stealth
   220 | D        | Reached XP level 3. HP: 18/18 MP: 4/4
   222 | D        | Noticed a scorpion
   223 | D        | Found the amulet of invisibility {+Inv}
   224 | D        | Killed a scorpion
   225 | D        | Reached skill level 12 in Stealth
   225 | D        | Reached XP level 4. HP: 23/23 MP: 5/5
   255 | D        | Found an opulent altar of Gozag.
   255 | D        | Found a hazy altar of Hepliaklqana.
   255 | D        | Found a burning altar of Makhleb.
   255 | D        | Found a sparkling altar of Nemelex Xobeh.
   255 | D        | Found a snail-covered altar of Cheibriados.
   255 | D        | Found a sacrificial altar of Ru.
   255 | D        | Found a shimmering blue altar of Sif Muna.
   255 | D        | Found a shimmering altar of Xom.
   255 | D        | Found a basalt altar of Yredelemnul.
   256 | D        | Found a viscous altar of Jiyva.
   256 | D        | Found a bloodstained altar of Trog.
   256 | D        | Found an ornate altar of the Wu Jian Council.
   257 | D        | Found an iron altar of Okawaru.
   257 | D        | Found a shadowy altar of Dithmenos.
   257 | D        | Found a glowing silver altar of Zin.
   258 | D        | Found an ancient bone altar of Kikubaaqudgha.
   258 | D        | Found a hide-covered altar of Uskayaw.
   259 | D        | Found a stormy altar of Qazlal.
   259 | D        | Found a white marble altar of Elyvilon.
   259 | D        | Found a glowing golden altar of the Shining One.
   260 | D        | Found a corrupted altar of Lugonu.
   260 | D        | Found a radiant altar of Vehumet.
   264 | D        | Reached skill level 13 in Stealth
   264 | D        | Reached skill level 1 in Evocations
   266 | D        | Became a worshipper of Dithmenos the Shadowed
   276 | D        | Reached skill level 14 in Stealth
   276 | D        | Reached XP level 5. HP: 28/28 MP: 4/6
   387 | D        | Noticed a queen bee
   394 | D        | Killed a queen bee
   394 | D        | Reached * piety under Dithmenos
   395 | D        | Reached skill level 5 in Short Blades
   395 | D        | Reached skill level 17 in Stealth
   395 | D        | Reached XP level 6. HP: 32/32 MP: 4/7
   397 | D        | Reached skill level 18 in Stealth
   398 | D        | Reached ** piety under Dithmenos
   399 | D        | Reached skill level 5 in Evocations
   399 | D        | Reached XP level 7. HP: 36/36 MP: 4/8
   401 | D        | Noticed an oklob plant
   407 | D        | Killed an oklob plant
   408 | D        | Reached skill level 5 in Throwing
   408 | D        | Reached skill level 20 in Stealth
   506 | D        | Found the +2 hat of the Bear Spirit {Spirit, +Rage rN+
                  | Will++}
   506 | D        | Noticed a burning bush
   509 | D        | Killed a burning bush
   510 | D        | Reached XP level 8. HP: 42/42 MP: 9/9
   527 | D        | Noticed a burning bush
   527 | D        | Noticed an oklob plant
   528 | D        | Noticed a wandering mushroom
   529 | D        | Found the +11 plutonium sword {*Contam Stlth-}
   529 | D        | Killed a burning bush
   529 | D        | Reached *** piety under Dithmenos
   530 | D        | Reached skill level 21 in Stealth
   535 | D        | Killed an oklob plant
   536 | D        | Reached skill level 22 in Stealth
   539 | D        | Killed a wandering mushroom
   540 | D        | Reached XP level 9. HP: 46/46 MP: 8/10
   551 | D        | Noticed a spriggan druid
   552 | D        | Killed a spriggan druid
   552 | D        | Reached **** piety under Dithmenos
   553 | D        | Reached skill level 23 in Stealth
   589 | D        | Noticed an oklob plant conjurer
   840 | D        | Killed an oklob plant conjurer
   841 | D        | Reached skill level 24 in Stealth
   841 | D        | Reached skill level 10 in Evocations
  1026 | D        | Found Dianuih's Antique Armour Shop.
  1026 | D        | Found Ruplamm's Distillery.
  1098 | D        | Noticed a burning bush
  1098 | D        | Noticed a wandering mushroom
  1099 | D        | Noticed a wandering mushroom
  1100 | D        | Killed a burning bush
  1101 | D        | Killed a wandering mushroom
  1102 | D        | Reached ***** piety under Dithmenos
  1104 | D        | Killed a wandering mushroom
  1105 | D        | Reached skill level 25 in Stealth
  1122 | D        | Found Ymnuur's Book Emporium.
  1122 | D        | Found Huwonauxt's General Store.
  1215 | D        | Noticed an oklob plant
  1215 | D        | Noticed an oklob plant summoner
  1216 | D        | Noticed an oklob plant shifter
  1217 | D        | Killed an oklob plant
  1218 | D        | Reached skill level 5 in Fighting
  1218 | D        | Reached XP level 10. HP: 47/51 MP: 4/11
  1219 | D        | Killed an oklob plant shifter
  1220 | D        | Killed an oklob plant summoner
  1592 | D        | Reached skill level 26 in Stealth
  1592 | D        | Reached skill level 1 in Invocations
  1704 | D        | Noticed a spriggan rider
  1705 | D        | Found Omnel's Weapon Emporium.
  1706 | D        | Found Wapuyx's Book Shoppe.
  1711 | D        | Killed a spriggan rider
  2000 | D        | Noticed Agnes
  2001 | D        | Found Luamaqu's Assorted Antiques.
  2001 | D        | Found Unapn's Armour Shoppe.
  2002 | D        | Killed Agnes
  2003 | D        | Reached skill level 10 in Short Blades
  2027 | D        | Noticed a spriggan defender
  2040 | D        | Slain by a spriggan defender

Illustrated notes

Levels and vault maps discovered:
D:        dungeon_sprint_fedhas [sprint_temple]

Skill      XL: |  1  2  3  4  5  6  7  8  9 10 |
---------------+-------------------------------+-----
Stealth        | 8 10 12 14 17 18 20 22 25 26 | 26.9
Fighting       | 2 3 4 5 6 |  6.0
Short Blades   | 3 4 5 6 7 8 10 | 10.4
Throwing       | 3 4 5 6 |  6.1
Dodging        | 2 4 |  4.7
Evocations     | 1 4 5 6 8 11 13 | 13.2
Invocations    | 2 |  2.1

Action                   |  1- 3 |  4- 6 |  7- 9 | 10-12 || total
-------------------------+-------+-------+-------+-------++-------
Melee: Dagger            |     6 |     7 |    20 |       ||    33
       Short sword       |       |       |     5 |    45 ||    50
Throw: Dart              |     1 |       |       |     3 ||     4
Invok: Shadow Step       |       |       |     2 |     2 ||     4
 Abil: Evoke Invisibilit |       |     3 |     5 |     1 ||     9
       Evoke Berserk Rag |       |       |     1 |     3 ||     4
Evoke: Tin of tremorston |       |       |       |     1 ||     1
  Use: Potion            |       |       |     1 |     1 ||     2
 Stab: Sleeping          |     2 |     7 |    13 |     3 ||    25
       Invisible         |       |       |     4 |       ||     4
Armor: Robe              |       |       |       |     1 ||     1
Dodge: Dodged            |     2 |       |     3 |    24 ||    29

Table legend: (Time is in decaauts)
 A = Elapsed time spent in this place.
 B = Non-inter-level travel time spent in this place.
 C = Inter-level travel time spent in this place.
 D = Time resting spent in this place.
 E = Time spent auto-exploring this place.
 F = Levels seen in this place.
 G = Mean time per level.
                   A        B        C        D        E       F      G
               +--------+--------+--------+--------+--------+-----+--------+
         Total |   1872 |   1803 |     69 |   1437 |      1 |   1 | 1872.0 |
       Dungeon |   1872 |   1803 |     69 |   1437 |      1 |   1 | 1872.0 |
               +--------+--------+--------+--------+--------+-----+--------+

Top non-repeatable levels by time:
       D: 1872 daAuts
